 Dungeon Crawl Stone Soup version 0.16-a0-3684-g951c262 (webtiles) character file.

93 BluebellGnoll the Sneak (level 4, 10/39 HPs)
             Began as a Deep Dwarf Assassin on Jan 18, 2015.
             Quit the game on level 2 of the Dungeon.
             The game lasted 00:06:50 (780 turns).

BluebellGnoll the Sneak (Deep Dwarf Assassin)        Turns: 780, Time: 00:06:50

Health: 10/39      AC:  3    Str: 14    XL:     4   Next: 37%
Magic:  4/4        EV: 12    Int: 13    God:
Gold:   74         SH:  0    Dex: 14    Spells: 0 memorised, 3 levels left

rFire  . . .     SeeInvis .     a - +2 dagger
rCold  . . .     Clarity  .     c - +0 robe
rNeg   . . .     SustAb   .     (no shield)
rPois  .         Gourm    .     (no helmet)
rElec  .         Spirit   .     d - +0 cloak
rCorr  .         Warding  .     (no gloves)
rMut   .         Stasis   .     (no boots)
MR     .....                    (no amulet)
Stlth  ++++......               (no ring)
                                (no ring)

@: non-regenerating, not resistant to hostile enchantments, stealthy
A: damage resistance, recharge devices, sense surroundings 1, slow healing 3
a: Device Recharging


You were on level 2 of the Dungeon.
You were not hungry.

You visited 1 branch of the dungeon, and saw 2 of its levels.

You collected 74 gold pieces.

Inventory:

Hand weapons
 a - a +2 dagger (weapon)
 b - a +0 blowgun
Missiles
 e - 13 poisoned needles
 f - 2 curare-tipped needles
 l - 2 javelins (quivered)
 s - 3 tomahawks
Armour
 c - a +0 robe (worn)
 d - a +0 cloak (worn)
Magical devices
 g - a wand of heal wounds (5)
Scrolls
 i - 3 scrolls of teleportation {unknown}
 j - 3 scrolls of identify {unknown}
 m - a scroll of fear {unknown}
 n - a scroll of amnesia {unknown}
Potions
 k - a potion of curing {unknown}
 p - a potion of cancellation {unknown}
 q - a potion of poison {unknown}
 r - a potion of degeneration {unknown}
Comestibles
 h - 2 bread rations
 o - 3 chunks of flesh


   Skills:
 * Level 1.7 Fighting
 - Level 1.7 Short Blades
 - Level 1.7 Throwing
 + Level 1.1 Dodging
 - Level 7.4 Stealth


You had 3 spell levels left.
You didn't know any spells.

Dungeon Overview and Level Annotations

Branches:
Dungeon (2/15)

Altars:


Innate Abilities, Weirdness & Mutations

You are resistant to damage.
You can recharge devices by infusing magical energy.
You passively map a small area around you.
You do not heal naturally.


Message History

The ooze hits you but does no damage.
You hit the ooze but do no damage.
The ooze is lightly wounded.
The ooze hits you.
You hit the ooze but do no damage.
The ooze is lightly wounded.
You hit the ooze.
The ooze is moderately wounded.
The ooze hits you.
You barely miss the ooze.
The ooze is moderately wounded.
The ooze hits you.
You hit the ooze but do no damage.
The ooze is moderately wounded.
The ooze hits you.
* * * LOW HITPOINT WARNING * * *
You are too injured to fight recklessly!
You are too injured to fight recklessly!
You are too injured to fight recklessly!
Are you sure you want to abandon this character and quit the game? (Confirm with "yes".)

#.## #.#.....### #†#
#.#........ #.#
#######.#.......#
#.#
#.....#.#.......#
#.#
#...?.#.#......†#
#.#
####.....#.#.).....†
#.#
#........#.#.###+##.
#.# #.....####.#.# *
#. #.#
#.J@..'....#.# *#.
..# #.....######.#
#. ### #.....# #.#
#. ####+## #.# *## *
#.# , * #.# ,* , #)#
* #.# * #.#, *


You could see an ooze.

Vanquished Creatures
  4 gnolls (D:2)
  An adder (D:2)
  A giant mite (D:2)
  2 worms (D:2)
  A giant gecko (D:2)
  2 bats
  2 giant cockroaches (D:2)
  A hobgoblin (D:1)
  A quokka (D:2)
  2 giant newts (D:1)
  5 goblins
  A kobold (D:1)
  4 rats (D:2)
27 creatures vanquished.

Notes
Turn   | Place    | Note
--------------------------------------------------------------
     0 | D:1      | BluebellGnoll, the Deep Dwarf Assassin, began the quest for the Orb.
     0 | D:1      | Reached XP level 1. HP: 19/19 MP: 1/1
    31 | D:1      | Reached skill level 5 in Stealth
    88 | D:1      | Reached XP level 2. HP: 26/26 MP: 2/2
   149 | D:1      | You fall through a shaft!
   332 | D:2      | Reached skill level 6 in Stealth
   397 | D:2      | Reached XP level 3. HP: 19/32 MP: 3/3
   649 | D:2      | Reached skill level 7 in Stealth
   649 | D:2      | Reached XP level 4. HP: 23/39 MP: 4/4
   780 | D:2      | Quit the game

Action                   |  1- 3 |  4- 6 || total
-------------------------+-------+-------++-------
Melee: Dagger            |    55 |    13 ||    68
 Fire: Blowgun           |    19 |    13 ||    32
Throw: Javelin           |       |     4 ||     4
 Stab: Sleeping          |     5 |       ||     5
       Distracted        |     1 |     1 ||     2
